 Dungeon Crawl Stone Soup version 0.28-a0-94-g325244837d (webtiles) character file.

Game seed: 2358926419066183366

46 Leeroy the Insei (level 3, 0/27 HPs)
             Began as a Djinni Transmuter on Aug 7, 2021.
             Was a Believer of Elyvilon.
             Slain by a goblin (4 damage)
             ... on level 3 of the Dungeon.
             The game lasted 00:03:17 (2863 turns).

Leeroy the Insei (Djinni Transmuter)                Turns: 2863, Time: 00:03:18

Health: 0/27       AC:  2    Str:  9    XL:     3   Next: 95%
Gold:   75         EV: 19    Int: 15    God:    Elyvilon [**....] SH:  0 Dex: 18

rFire   . . .      SeeInvis .     - Unarmed
rCold   . . .      Faith    .   (shield currently unavailable)
rNeg    . . .      Spirit   .   (armour currently unavailable)
rPois   ∞          Reflect  .   (helmet currently unavailable)
rElec   .          Harm     .   (cloak currently unavailable)
rCorr   .          Rampage  .   (gloves currently unavailable)
Will    .....                   (boots unavailable)
Stlth   ++........              (no amulet)
HPRegen 0.09/turn               (no ring)
MPRegen 0.00/turn               (no ring)

@: spider-form, flying
A: venomous fangs, flying, sickness immunity, tiny, (fire resistance 2), (cold
vulnerability 1), float, innate caster, hp casting, extra vitality 1
a: End Transformation, Renounce Religion, Lesser Healing, Heal Other, Divine
Protection


You were on level 3 of the Dungeon.
You worshipped Elyvilon.
Elyvilon was pleased with you.
You were a venomous arachnid creature.
You visited 1 branch of the dungeon, and saw 3 of its levels.

You collected 75 gold pieces.

Inventory:

Missiles
 e - 12 poisoned darts
Armour
 a - a +0 robe (melded)
 c - a scarf of invisibility (melded)
Scrolls
 d - 3 scrolls of identify {unknown}
 f - a scroll of magic mapping {unknown}
 g - a scroll of enchant weapon {unknown}
 i - a scroll of immolation {unknown}
 j - a scroll of fog {unknown}
Potions
 b - 3 potions of brilliance {unknown}
 h - 2 potions of curing {unknown}


   Skills:
 - Level 1.0 Fighting
 - Level 2.1 Dodging
 + Level 4.5 Unarmed Combat
 - Level 1.5 Spellcasting


You couldn't memorise any spells.
You knew the following spells:

 Your Spells              Type           Power      Damage    Failure   Level
a - Beastly Appendage     Tmut           10%        N/A       28%         1
b - Wereblood             Tmut           5%         N/A       38%         2
c - Spider Form           Tmut/Pois      2%         N/A       58%         3
d - Ice Form              Ice/Tmut       5%         N/A       90%         4
e - Corona                Hex            5%         N/A       28%         1
Your spell library was empty.

Dungeon Overview and Level Annotations

Branches:
Dungeon (3/15)

Altars:
Ashenzari
Elyvilon
Hepliaklqana

Annotations:
D:3 Sigmund


Innate Abilities, Weirdness & Mutations

You are a venomous arachnid creature.
You have poisonous fangs.
You are tiny and dextrous.
You are flying.
Your spellcasting is less reliable in this form.
Your armour is entirely melded.
You are incapable of wielding weapons or throwing items.
You are immune to sickness and miasma.
You are immune to poison.
((Your flesh is very heat resistant. (rF++)))
((You are vulnerable to cold. (rC-)))
You float through the air rather than walking.
You learn spells naturally, not from books.
Your magical power is your life essence.
You have superior vitality. (+4 HP)


Message History

You turn into a venomous arachnid creature.
Your scarf of invisibility melds into your body.
Your +0 robe melds into your body.
The endoplasm completely misses you. The goblin closely misses you.
Unknown command.
You are a venomous arachnid creature.
You are flying.
Your flying speed is average.
Your attack delay is about 0.9.
Your base attributes are Str 9, Int 15, Dex 13.
You can't wield anything in your present form.
What are your orders? t - Hiss!
Orders for allies: a - Attack new target. r - Retreat! s - Stop attacking. g - Guard the area. f - Follow me.
Anything else - Cancel.
Okay, then.
Casting: Beastly Appendage (safe; 28% risk of failure)
Press: ? - help, Q - select action, (/) - cycle Dir - look around, f - activate
Okay, then.
You hit the goblin.
The goblin is poisoned.
The goblin is severely wounded.
Sigmund hits you from afar with a +0 scythe!
Ouch! That really hurt!
The endoplasm misses you. The goblin barely misses you.
Unknown command.
You hit the endoplasm.
The endoplasm is lightly wounded.
Sigmund casts a spell.
Sigmund flickers and vanishes!
Deactivating autopickup; reactivate with Ctrl-A.
The endoplasm freezes you.
You are frozen.
* * * LOW HITPOINT WARNING * * *
The goblin closely misses you. Something hits you!
Elyvilon protects you from harm! The endoplasm hits you.
* * * LOW HITPOINT WARNING * * *
The goblin hits you with a +0 club.
You die...

#.#..## #
#.#... #.
#<#.## ..
#....##
#.#.....####
#............
#.#..÷..####.
#.##.{g##
.....=..#s#
........J..#
PP.P.......#
P..P.#P....#
..##P.§...##
.. P§#....#
§§PP..#..
P§§§.####


You could see an endoplasm and a goblin (very poisoned).

Vanquished Creatures
  An adder (D:2)
  A dart slug (D:1)
  6 ball pythons (D:1)
  2 bats
  3 endoplasms
  A giant cockroach (D:2)
  3 hobgoblins
  2 jackals (D:2)
  3 quokkas
  2 frilled lizards (D:1)
  3 goblins
  4 kobolds (D:1)
  A rat (D:1)
32 creatures vanquished.

Notes
Turn   | Place    | Note
-------+----------+-------------------------------------------
     0 | D:1      | Leeroy the Djinni Transmuter began the quest for the Orb.
     0 | D:1      | Reached XP level 1. HP: 17/17 MP: 0/0
   382 | D:1      | Reached XP level 2. HP: 20/22 MP: 0/0
   881 | D:1      | Found a faded altar of an unknown god.
   881 | D:1      | Noticed an Executioner
   963 | D:1      | Became a worshipper of Elyvilon the Healer
   963 | D:1      | Reached * piety under Elyvilon
  1030 | D:1      | Reached skill level 4 in Unarmed Combat
  1030 | D:1      | Reached XP level 3. HP: 27/27 MP: 0/0
  1030 | D:1      | Learned a level 1 spell: Corona
  1574 | D:2      | Reached ** piety under Elyvilon
  1956 | D:2      | Found a broken altar of Ashenzari.
  1992 | D:2      | HP: 1/27 [goblin (1)]
  2558 | D:3      | Noticed Sigmund
  2565 | D:3      | Found a hazy altar of Hepliaklqana.
  2568 | D:3      | HP: 1/27 [hobgoblin (3)]
  2863 | D:3      | Elyvilon protects you from harm!
  2863 | D:3      | Slain by a goblin

Illustrated notes

Levels and vault maps discovered:
D:1:      amcnicky_arrival_underground_garden, layout_loops_corners,
          dreamdust_ecumenical_altar_sealed_demon
D:2:      layout_loops_ring, basic_altar
D:3:      layout_loops_ring, nicolae_hepliaklqana_hazy_memory,
          nicolae_qazlal_general_emergency, portal_sewer_entry_f, serial_rivers,
          chequers_serial_rivers_room_a, chequers_serial_rivers_small_b,
          chequers_serial_rivers_micro_d, chequers_serial_rivers_small_3,
          hangedman_abyss_or_decor_lesser_grid, uniq_sigmund

Skill      XL: |  1  2 |
---------------+-------+-----
Unarmed Combat | 4 |  4.5
Fighting       | |  1.0
Dodging        | |  2.1
Spellcasting   | |  1.5

Action                   || total
-------------------------++-------
Melee: Unarmed           ||   127
 Cast: Beastly Appendage ||     1
       Spider Form       ||     1
Armor: Robe              ||    19
Dodge: Dodged            ||    93

Table legend: (Time is in decaauts)
 A = Elapsed time spent in this place.
 B = Non-inter-level travel time spent in this place.
 C = Inter-level travel time spent in this place.
 D = Time resting spent in this place.
 E = Time spent auto-exploring this place.
 F = Levels seen in this place.
 G = Mean time per level.
                   A        B        C        D        E       F      G
               +--------+--------+--------+--------+--------+-----+--------+
         Total |   2852 |   2799 |     53 |    568 |   1966 |   3 |  950.7 |
       Dungeon |   2852 |   2799 |     53 |    568 |   1966 |   3 |  950.7 |
               +--------+--------+--------+--------+--------+-----+--------+

Top non-repeatable levels by time:
     D:1: 1495 daAuts
     D:2: 1334 daAuts
     D:3: 23 daAuts
